 Dungeon Crawl Stone Soup version 0.19.5 (webtiles) character file.

1663 Azzok the Archer (level 8, 0/61 HPs)
             Began as a Centaur Hunter on June 8, 2017.
             Succumbed to a water moccasin's poison
             ... on level 6 of the Dungeon.
             The game lasted 00:15:18 (10035 turns).

Azzok the Archer (Centaur Hunter)                  Turns: 10035, Time: 00:15:19

Health: 0/61       AC: 10    Str: 17    XL:     8   Next: 69%
Magic:  8/8        EV:  5    Int: 10    God:
Gold:   300        SH:  2    Dex: 10    Spells: 0 memorised, 7 levels left

rFire  . . .     SeeInvis .     b - +2 dagger (venom)
rCold  . . .     Gourm    .     s - +0 chain mail
rNeg   . . .     Faith    .     (no shield)
rPois  .         Spirit   .     (no helmet)
rElec  .         Reflect  +     F - +1 cloak {+Inv}
rCorr  .         Harm     .     t - +0 pair of gloves
MR     .....                    (no barding)
Stlth  ..........               C - +2 amulet of reflection
                                (no ring)
                                I - ring of stealth

@: lethally poisoned (0 -> -24), very quick
A: hooves 3, deformed body, speed 2, tough skin 3
a: Evoke Invisibility


You were on level 6 of the Dungeon.
You were hungry.

You visited 1 branch of the dungeon, and saw 7 of its levels.

You collected 300 gold pieces.

Inventory:

Hand Weapons
 a - a +1 shortbow
 b - a +2 dagger of venom (weapon)
 E - a +2 quarterstaff of protection
Missiles
 d - 118 arrows
Armour
 s - a +0 chain mail (worn)
 t - a +0 pair of gloves (worn)
 F - a +1 cloak of invisibility (worn)
Jewellery
 C - a +2 amulet of reflection (around neck)
 I - a ring of stealth (left hand)
Wands
 w - a wand of iceblast (7/15)
Scrolls
 c - a scroll of noise {unknown}
 i - a scroll of enchant armour {unknown}
 j - 7 scrolls of remove curse {unknown}
 l - a scroll of random uselessness {unknown}
 n - a scroll of enchant weapon {unknown}
 r - 2 scrolls of immolation {unknown}
 x - 6 scrolls of identify {unknown}
 y - a scroll of magic mapping {unknown}
 A - 3 scrolls of teleportation {unknown}
 J - a scroll of recharging {unknown}
 K - a scroll of blinking {unknown}
Potions
 e - 4 potions of haste {unknown}
 g - a potion of brilliance {unknown}
 k - 3 potions of curing {unknown}
 m - 4 potions of heal wounds {unknown}
 p - 3 potions of cure mutation {unknown}
 q - a potion of mutation {unknown}
 z - 4 potions of degeneration {unknown}
 B - a potion of invisibility {unknown}
 D - a potion of beneficial mutation {unknown}
 G - a potion of might {unknown}
Books
 L - a book of Cantrips

   Spells                             Type                      Level
   a - Confusing Touch                Hexes                        1
   b - Animate Skeleton               Necromancy                   1
   c - Summon Small Mammal            Summoning                    1
   d - Apportation                    Translocation                1
Comestibles
 f - 4 bread rations {@e1}
 h - 2 royal jellies
 o - 2 meat rations {@e2}
 u - a slice of pizza
 v - 2 beef jerkies
 H - 2 fruits


   Skills:
 - Level 2.0 Fighting
 * Level 14.5 Bows
 - Level 1.3 Dodging
 - Level 0.4 Stealth


You had 7 spell levels left.
You didn't know any spells.

Dungeon Overview and Level Annotations

Branches:
Dungeon (7/15)
 Temple: D:4-7

Altars:
Ashenzari
Cheibriados
Elyvilon
Makhleb
Qazlal
Sif Muna
Trog
The Shining One


Innate Abilities, Weirdness & Mutations

You have hooves in place of feet.
Armour fits poorly on your strangely shaped body.
You cover ground very quickly.
You have extremely tough skin. (AC +3)


Message History

You feel sick.
You take 2 damage, and have 12/61 hp.
* * * LOW HITPOINT WARNING * * *
You feel sick.
You take 2 damage, and have 10/61 hp.
* * * LOW HITPOINT WARNING * * *
You feel sick.
You take 2 damage, and have 8/61 hp.
* * * LOW HITPOINT WARNING * * *
You feel sick.
You take 2 damage, and have 6/61 hp.
* * * LOW HITPOINT WARNING * * *
You feel sick.
There is a stone staircase leading up here.
You take 2 damage, and have 4/61 hp.
* * * LOW HITPOINT WARNING * * *
You feel sick.
The water moccasin bites you but does no damage.
You climb upwards.
You die...

▒···▒·▒▒▒▒▒▒▒▒▒·▒·▒
▒▒▒▒▒···········▒·▒
·······▒▒▒▒▒▒▒▒▒▒·▒
▒·▒·▒·····▒ ▒·▒
▒·▒·▒·▒▒▒·▒ ▒·▒
▒·▒·······▒ ▒·▒
▒·▒▒▒·▒▒▒·▒ ▒·▒ ▒·▒
▒·▒ ▒)▒▒▒▒▒▒▒·▒ ▒·▒
▒·▒ ▒·▒·····@·▒
▒·▒▒▒·▒▒▒·▒·▒▒▒▒▒▒▒▒
··········▒········▒
··▒·▒·▒·····▒▒··▒·▒▒
·············▒··▒·▒
··▒·▒·▒·▒·······▒·▒
··▒·▒·▒·▒··▒·▒··▒·▒
··▒·▒······▒·▒··▒·▒
··▒·▒▒▒·▒▒·▒·▒·▒▒·▒▒


There were no monsters in sight!

Vanquished Creatures
  Pikel (D:4)
  4 slaves (D:4)
  An ogre (D:6)
  An ice beast (D:6)
  A centaur (D:2)
  2 bullfrogs (D:6)
  A wyvern skeleton (D:6)
  A scorpion (D:6)
  A howler monkey (D:6)
  4 hounds
  3 orc priests (D:4)
  2 iguanas
  Jessica (D:5)
  Ijyb (D:2)
  2 orc wizards
  3 worker ants
  4 gnolls
  9 adders
  5 worms
  4 dart slugs (D:1)
  9 leopard geckos
  19 orcs
  A ball python (D:4)
  8 bats
  5 giant cockroaches
  8 hobgoblins
  10 jackals
  11 kobolds
  3 quokkas
  8 frilled lizards
  9 goblins
  2 quokka skeletons (D:6)
  9 rats
153 creatures vanquished.

Notes
Turn   | Place    | Note
-------+----------+-------------------------------------------
     0 | D:1      | Azzok the Centaur Hunter began the quest for the Orb.
     0 | D:1      | Reached XP level 1. HP: 17/17 MP: 1/1
   893 | D:1      | Reached XP level 2. HP: 21/24 MP: 2/2
   946 | D:1      | Reached skill level 6 in Bows
  1462 | D:1      | Reached XP level 3. HP: 22/29 MP: 3/3
  2014 | D:1      | Reached skill level 7 in Bows
  2916 | D:2      | Reached XP level 4. HP: 36/36 MP: 4/4
  3093 | D:2      | Noticed Ijyb
  3125 | D:2      | Paralysed by Ijyb for 2 turns
  3137 | D:2      | Killed Ijyb
  3137 | D:2      | Reached skill level 8 in Bows
  3284 | D:2      | Noticed a centaur
  3407 | D:2      | Killed a centaur
  3407 | D:2      | Reached XP level 5. HP: 21/41 MP: 5/5
  3510 | D:2      | Reached skill level 9 in Bows
  4433 | D:2      | Found a snail-covered altar of Cheibriados.
  4828 | D:3      | Found a faded altar of an unknown god.
  4875 | D:2      | Reached XP level 6. HP: 31/48 MP: 6/6
  6109 | D:4      | Reached skill level 10 in Bows
  6371 | D:4      | Found a burning altar of Makhleb.
  6822 | D:4      | Noticed a slave
  6822 | D:4      | Noticed a slave
  6822 | D:4      | Noticed a slave
  6878 | D:4      | Killed a slave
  6886 | D:4      | Killed a slave
  6914 | D:4      | Killed a slave
  6962 | D:4      | Reached skill level 11 in Bows
  6962 | D:4      | Reached XP level 7. HP: 20/55 MP: 7/7
  7228 | D:4      | Found a shattered altar of Ashenzari.
  7253 | D:4      | Noticed Pikel
  7357 | D:4      | Killed Pikel
  7357 | D:4      | Reached skill level 12 in Bows
  7357 | D:4      | Reached XP level 8. HP: 46/61 MP: 8/8
  7499 | D:5      | Entered Level 5 of the Dungeon
  7732 | D:5      | Found a stormy altar of Qazlal.
  8010 | D:5      | Noticed Jessica
  8022 | D:5      | Found a deep blue altar of Sif Muna.
  8032 | D:5      | Killed Jessica
  8032 | D:5      | Reached skill level 13 in Bows
  8612 | D:6      | Found a glowing golden altar of the Shining One.
  8614 | D:6      | Found a white marble altar of Elyvilon.
  8617 | D:6      | Found a bloodstained altar of Trog.
  8905 | D:6      | Reached skill level 14 in Bows
 10034 | D:7      | HP: 3/61 [poisoned by a water moccasin]
 10035 | D:6      | Succumbed to a water moccasin's poison

Skill      XL: |  1  2  3  4  5  6  7  8 |
---------------+-------------------------+-----
Bows           | 6 7 8 9 11 12 14 | 14.5
Fighting       | |  2.0
Dodging        | |  1.3
Stealth        | |  0.4

Action                   |  1- 3 |  4- 6 |  7- 9 || total
-------------------------+-------+-------+-------++-------
Melee: Short sword       |   219 |   289 |       ||   508
       Kick              |    40 |    99 |    40 ||   179
       Dagger            |       |   115 |   188 ||   303
  Eat: Chunk             |     5 |    12 |     8 ||    25
Armor: Leather armour    |   101 |       |       ||   101
       Chain mail        |    22 |   272 |    97 ||   391
Dodge: Dodged            |   102 |    89 |    39 ||   230
Block: Other             |       |     6 |    17 ||    23
